 Dungeon Crawl Stone Soup version 0.32-a0-422-g28b100f618 (webtiles) character file.

Game seed: 4441588919134605469

160 zenocrate the Sneak (level 5, -1/27 HPs)
             Began as a Vine Stalker Delver on Feb 22, 2024.
             Slain by a gnoll
             ... wielding a +0 club
              (4 damage)
             ... on level 2 of the Dungeon.
             The game lasted 00:01:15 (471 turns).

zenocrate the Sneak (Vine Stalker Delver)            Turns: 471, Time: 00:01:15

Health: -1/27      AC:  3    Str: 14    XL:     5   Next: 41%
Magic:  0/6        EV: 12    Int: 10    God:
Gold:   0          SH:  0    Dex: 18    Spells: 4/4 levels left

rFire   . . .        a - +0 short sword
rCold   . . .        (no shield)
rNeg    . . .        b - +0 leather armour
rPois   .            (no helmet)
rElec   .            (no cloak)
rCorr   .            (no gloves)
SInv    .            (no boots)
Will    .....        (no amulet)
Stlth   ++++         (no ring)
HPRegen 1.04/turn    (no ring)
MPRegen 0.10/turn

%: guardian spirit
@: no status effects
A: fangs 2, regeneration 1, magic shield, antimagic bite, no potion heal 2
a: no special abilities


You were on level 2 of the Dungeon.
You visited 1 branch of the dungeon, and saw 4 of its levels.

Inventory:

Hand Weapons
 a - a +0 short sword (weapon)
Armour
 b - a +0 leather armour (worn)
Wands
 g - a wand of digging (3)
Scrolls
 c - a scroll of fog
 d - a scroll of revelation
 f - a scroll of teleportation {unknown}
Potions
 h - a potion of attraction {unknown}


   Skills:
 - Level 2.6 Fighting
 + Level 3.6 Short Blades
 - Level 1.5 Dodging
 + Level 7.7 Stealth


You had 4 spell levels left.
You didn't know any spells.
Your spell library was empty.

Dungeon Overview and Level Annotations

Branches:
Dungeon (5/15)
 Temple: D:4-7

Altars:
Yredelemnul

Annotations:
D:5 2 transporters, javelincjr's ghost, novice OpHW


Innate Abilities, Weirdness & Mutations

You have extremely sharp teeth.
Your natural rate of healing is unusually fast.
When hurt, damage is shared between your health and your magic reserves.
Your bite disrupts and absorbs the magic of your enemies.
Potions cannot restore your health.


Message History

You hit the gnoll. Your bite misses the gnoll.
The gnoll is almost dead.
The gnoll barely misses you.
Unknown command.
You barely miss the gnoll.
The gnoll is severely wounded.
The gnoll closely misses you.
Unknown command.
You hit the gnoll.
You kill the gnoll!
Unknown command.
You hit the gnoll.
The gnoll is moderately wounded.
Unknown command.
You closely miss the gnoll.
The gnoll is moderately wounded.
The gnoll hits you with a +0 club.
You barely miss the gnoll.
The gnoll is moderately wounded.
The gnoll hits you with a +0 club.
You hit the gnoll but do no damage.
The gnoll is moderately wounded.
The gnoll hits you with a +0 club.
You hit the gnoll but do no damage.
The gnoll is moderately wounded.
The gnoll hits you with a +0 club!
* * * LOW HITPOINT WARNING * * *
You completely miss the gnoll.
The gnoll is moderately wounded.
Unknown command.
You hit the gnoll.
The gnoll is severely wounded.
The gnoll hits you with a +0 club.
* * * LOW HITPOINT WARNING * * *
Unknown command.
Unknown command.
Okay, then.
It was a potion of curing.
That felt strangely inert.
The gnoll hits you with a +0 club.
You die...

#.# #.# #.#
###.###.#####
.......:..>.#
...###.###.#
#.# .# #.# .#
#@# .# #g# .#
#g# .# #.# .#
#.# #.# #..
##.


You could see 2 gnolls.

Vanquished Creatures
  An orc priest (D:5)
  2 bombardier beetles (D:3)
  An orc wizard (D:4)
  2 gnolls (D:2)
  A dart slug (D:4)
  An orc (D:3)
  A giant cockroach (D:3)
  2 goblins (D:3)
  2 bats (D:3)
  A kobold (D:4)
14 creatures vanquished.

Notes
Turn   | Place    | Note
-------+----------+-------------------------------------------
     0 | D:5      | zenocrate the Vine Stalker Delver began the quest for the
                  | Orb.
     0 | D:5      | Reached XP level 1. HP: 11/11 MP: 2/2
    20 | D:5      | Found a transporter.
    21 | D:5      | Noticed an ogre
    22 | D:5      | Found a transporter.
    23 | D:5      | Noticed javelincjr's ghost (novice OpHW)
    23 | D:5      | Noticed an ogre
    25 | D:5      | Noticed an ogre
    37 | D:5      | Noticed an orc wizard
    37 | D:5      | Noticed an orc priest
    66 | D:5      | Killed an orc priest
    67 | D:5      | Reached XP level 2. HP: 6/16 MP: 1/3
    67 | D:5      | Reached XP level 3. HP: 8/19 MP: 1/4
   171 | D:4      | Reached XP level 4. HP: 13/23 MP: 2/5
   233 | D:4      | Reached skill level 7 in Stealth
   314 | D:3      | Found a basalt altar of Yredelemnul.
   435 | D:3      | Reached XP level 5. HP: 27/27 MP: 6/6
   471 | D:2      | Slain by a gnoll

Illustrated notes

Levels and vault maps discovered:
D:2:      layout_loops_ring, uniq_crazy_yiuf_cottage, uniq_natasha
D:3:      cheibrodos_fertilizer, layout_basic,
          mainiacjoe_overflow_concentric_impassable,
          nicolae_hepliaklqana_monster_ancestors, minivault_19,
          minmay_misc_feat_encased, st_stairs_6, chequers_arboretum,
          cheibrodos_gnoll_hut
D:4:      wander_river, layout_layer_cave
D:5:      minmay_inner_zag, layout_loops_ring,
          minmay_temple_entry_gardened_gates, gammafunk_ghost_smash

Skill      XL: |  1  2  3  4 |
---------------+-------------+-----
Short Blades   | 2 3 |  3.6
Stealth        | 7 |  7.7
Fighting       | |  2.6
Dodging        | |  1.5

Action                     |  1- 3 |  4- 6 || total
---------------------------+-------+-------++-------
  Melee: Short sword       |    48 |    46 ||    94
         Bite              |    11 |    16 ||    27
    Use: Potion            |     1 |     1 ||     2
         Scroll            |     1 |       ||     1
   Stab: Sleeping          |       |     4 ||     4
         Distracted        |       |     1 ||     1
 Armour: Leather armour    |    31 |    16 ||    47
  Dodge: Dodged            |     4 |    14 ||    18

Table legend: (Time is in decaauts)
 A = Elapsed time spent in this place.
 B = Non-inter-level travel time spent in this place.
 C = Inter-level travel time spent in this place.
 D = Time resting spent in this place.
 E = Time spent auto-exploring this place.
 F = Levels seen in this place.
 G = Mean time per level.
                   A        B        C        D        E       F      G
               +--------+--------+--------+--------+--------+-----+--------+
         Total |    442 |    433 |      9 |      8 |    218 |   4 |  110.5 |
       Dungeon |    442 |    433 |      9 |      8 |    218 |   4 |  110.5 |
               +--------+--------+--------+--------+--------+-----+--------+

Top non-repeatable levels by time:
     D:4: 168 daAuts
     D:3: 134 daAuts
     D:5: 117 daAuts
     D:2: 21 daAuts
